 Dungeon Crawl Stone Soup version 0.28.0-53-g5a82cb258f (webtiles) character file.

Game seed: 7895517421417262337

212 kudzoo the Digger (level 5, -4/38 HPs)
             Began as a Gnoll Wanderer on July 14, 2022.
             Splashed by a jelly's acid (7 damage)
             ... on level 4 of the Dungeon.
             The game lasted 00:39:46 (2543 turns).

kudzoo the Digger (Gnoll Wanderer)                  Turns: 2543, Time: 00:39:47

Health: -4/38      AC: -3    Str: 12    XL:     5   Next: 89%
Magic:  8/9        EV: 12    Int: 12    God:
Gold:   52         SH:  0    Dex: 12    Spells: 9/10 levels left

rFire   . . .      SeeInvis .   a - +2 short sword (venom)
rCold   . . .      Faith    .   (no shield)
rNeg    . . .      Spirit   .   c - +0 robe
rPois   .          Reflect  .   (no helmet)
rElec   .          Harm     .   (no cloak)
rCorr   .          Rampage  .   m - +1 pair of gloves
Will    .....                   (no boots)
Stlth   ++........              (no amulet)
HPRegen 0.12/turn               (no ring)
MPRegen 0.11/turn               (no ring)

@: corroded
A: fangs 1, strong nose, distributed training
a: no special abilities


You were on level 4 of the Dungeon.
You visited 1 branch of the dungeon, and saw 4 of its levels.

You collected 52 gold pieces.

Inventory:

Hand Weapons
 a - a +2 short sword of venom (weapon)
 f - a +0 whip
 i - a +0 short sword
 l - a +0 dagger
 t - a +0 hunting sling
Missiles
 b - 27 stones
 k - 27 arrows
 p - 22 sling bullets
 r - 6 boomerangs (quivered)
Armour
 c - a +0 robe (worn)
 e - a +0 robe
 h - a +0 ring mail
 m - a +1 pair of gloves (worn)
Wands
 n - a wand of charming (6)
Scrolls
 g - a scroll of noise {unknown}
Potions
 j - 3 potions of flight {unknown}
 o - 2 potions of curing {unknown}
 q - a potion of mutation {unknown}
 s - a potion of lignification {unknown}
 u - a potion of invisibility {unknown}
 v - a potion of heal wounds {unknown}
Miscellaneous
 d - a piece from Xom's chessboard (15/15)


   Skills:
 + Level 1.6 Fighting
 + Level 1.6 Short Blades
 + Level 1.6 Long Blades
 + Level 1.6 Axes
 + Level 1.6 Maces & Flails
 + Level 1.6 Polearms
 + Level 1.6 Staves
 + Level 1.6 Slings
 + Level 1.6 Bows
 + Level 1.6 Crossbows
 + Level 1.6 Throwing
 + Level 1.6 Armour
 + Level 3.1 Dodging
 + Level 1.6 Stealth
 + Level 1.6 Shields
 + Level 1.6 Unarmed Combat
 + Level 3.2 Spellcasting
 + Level 4.0 Conjurations
 + Level 1.3 Hexes
 + Level 1.3 Summonings
 + Level 1.3 Necromancy
 + Level 1.3 Translocations
 + Level 1.3 Transmutations
 + Level 1.3 Fire Magic
 + Level 1.3 Ice Magic
 + Level 1.3 Air Magic
 + Level 7.2 Earth Magic
 + Level 1.3 Poison Magic
 + Level 1.9 Invocations
 + Level 4.8 Evocations


You had 9 spell levels left.
You knew the following spells:

 Your Spells              Type           Power      Damage    Failure   Level
a - Sandblast             Erth           38%        2d10      1%          1

Your spell library contained the following spells:

 Spells                   Type           Power      Damage    Failure   Level
 Passwall                 Tmut/Erth      10%        N/A       6%          2
 Searing Ray              Conj           22%        2d5       7%          2
 Stone Arrow              Conj/Erth      30%        3d8       7%          3
 Static Discharge         Conj/Air       8%         N/A       12%         2
 Slow                     Hex            20%        N/A       14%         1
 Confusing Touch          Hex            5%         N/A       38%         3
 Tukima's Dance           Hex            5%         N/A       38%         3
 Vampiric Draining        Necr           5%         2d6       38%         3
 Anguish                  Hex/Necr       2%         N/A       80%         4
 Conjure Ball Lightning   Conj/Air       4%         3x3d6     100%        6
 Enfeeble                 Hex            2%         N/A       100%        7
 Discord                  Hex            2%         N/A       100%        8
 Disjunction              Tloc           2%         N/A       100%        8


Dungeon Overview and Level Annotations

Branches:
Dungeon (4/15)
 Temple: D:4-7

Altars:
The Shining One

Shops:
D:1 (*

Annotations:
D:3 2 runed translucent doors, osoart's ghost, amateur MiBe


Innate Abilities, Weirdness & Mutations

You have very sharp teeth.
Your uncanny sense of smell can sniff out nearby items.
Your experience applies equally to all skills.


Message History

The scorpion is lightly wounded.
The scorpion closely misses you.
You hit the scorpion but do no damage.
The scorpion looks as sick as possible!
The scorpion is heavily wounded.
The scorpion stings you! The scorpion completely misses you.
You kill the scorpion!
Your Conjurations skill increases to level 4!
You closely miss the hobgoblin. The hobgoblin barely misses you.
You hit the hobgoblin but do no damage.
The hobgoblin is poisoned.
Your punch misses the hobgoblin.
You bite the hobgoblin, but do no damage.
The hobgoblin hits you.
The hobgoblin hits you but does no damage.
You kill the hobgoblin!
You start resting.
A jelly is nearby!
You catch the helpless jelly completely off-guard!
You hit the jelly.
Your hands burn!
The jelly is moderately wounded.
The jelly hits you. The acid corrodes you!
You are splashed with acid.
You hit the jelly. The acid corrodes you!
Your hands burn!
The jelly is moderately wounded.
The jelly hits you.
You are splashed with acid!
* * * LOW HITPOINT WARNING * * *
You hit the jelly but do no damage.
Your hands burn!
* * * LOW HITPOINT WARNING * * *
The jelly is moderately wounded.
The jelly misses you.
Casting: Sandblast (safe; 1% risk of failure)
Confirm with . or Enter, or press ? or * to list all spells.
Aiming: Sandblast (safe; 1% risk of failure)
Press: ? - help, Shift-Dir - straight line, f - jelly
Aim: a jelly (moderately wounded, 100% to hit)
The blast of sand hits the jelly!
The jelly is severely wounded.
b - 27 stones The jelly hits you.
* * * LOW HITPOINT WARNING * * *
You are splashed with acid!
You die...

#.....#........#(. .
####..#....##.#.. .
#..#...###...# .
#......###.. ##.
##......##.####?.
#.####.#..#.....
#.####.#.#......
###########.#..........#.#
#......#.@....#####...##.#
#.......J##.### ##..##..
#.....).###.# #..##.#
#.......###.# #.....#
#....<....#.# ...##..
#......##.#.## ..####..
#......##....####..# #.#
#......##.........# #.#
#......##....#....#### #.#


You could see a jelly.

Vanquished Creatures
  A scorpion (D:4)
  A hound (D:4)
  An iguana (D:4)
  2 adders
  3 worms (D:2)
  3 dart slugs
  3 orcs
  7 ball pythons
  4 bats
  2 endoplasms (D:1)
  A giant cockroach (D:1)
  5 goblins
  6 hobgoblins
  6 jackals (D:1)
  4 quokkas
  2 frilled lizards (D:1)
  6 kobolds
  4 rats
61 creatures vanquished.

Vanquished Creatures (others)
  3 withered plants (D:1)
3 creatures vanquished.

Grand Total: 64 creatures vanquished

Notes
Turn   | Place    | Note
-------+----------+-------------------------------------------
     0 | D:1      | kudzoo the Gnoll Wanderer began the quest for the Orb.
     0 | D:1      | kudzoo set off with the following items: a +0 dagger, 33
                  | stones, a +0 robe, a piece from Xom's chessboard (15/15);
                  | and the following spell memorised: Sandblast; and the
                  | following spells available to memorise: Passwall, Searing
                  | Ray, Stone Arrow, Static Discharge
     0 | D:1      | Reached XP level 1. HP: 13/13 MP: 4/4
    28 | D:1      | Found Viugadd's Antique Weapon Shoppe.
    99 | D:1      | Reached XP level 2. HP: 16/19 MP: 2/5
   739 | D:1      | Reached XP level 3. HP: 22/25 MP: 7/7
   802 | D:1      | Found a faded altar of an unknown god.
   874 | D:1      | Found Pitagh's Assorted Antiques.
  1190 | D:2      | Reached skill level 1 in Invocations
  1216 | D:4      | Noticed a scorpion
  1230 | D:3      | Found a runed translucent gate.
  1240 | D:3      | Reached skill level 1 in Fighting
  1240 | D:3      | Reached skill level 1 in Short Blades
  1240 | D:3      | Reached skill level 1 in Long Blades
  1240 | D:3      | Reached skill level 1 in Axes
  1240 | D:3      | Reached skill level 1 in Maces & Flails
  1240 | D:3      | Reached skill level 1 in Polearms
  1240 | D:3      | Reached skill level 1 in Staves
  1240 | D:3      | Reached skill level 1 in Slings
  1240 | D:3      | Reached skill level 1 in Bows
  1240 | D:3      | Reached skill level 1 in Crossbows
  1240 | D:3      | Reached skill level 1 in Throwing
  1240 | D:3      | Reached skill level 1 in Armour
  1240 | D:3      | Reached skill level 1 in Stealth
  1240 | D:3      | Reached skill level 1 in Shields
  1240 | D:3      | Reached skill level 1 in Unarmed Combat
  1281 | D:4      | Reached XP level 4. HP: 8/32 MP: 8/8
  1621 | D:2      | Reached skill level 1 in Hexes
  1621 | D:2      | Reached skill level 1 in Summonings
  1621 | D:2      | Reached skill level 1 in Necromancy
  1621 | D:2      | Reached skill level 1 in Translocations
  1621 | D:2      | Reached skill level 1 in Transmutations
  1621 | D:2      | Reached skill level 1 in Fire Magic
  1621 | D:2      | Reached skill level 1 in Ice Magic
  1621 | D:2      | Reached skill level 1 in Air Magic
  1621 | D:2      | Reached skill level 1 in Poison Magic
  2140 | D:3      | Found a runed translucent gate.
  2140 | D:3      | Noticed osoart's ghost (amateur MiBe)
  2140 | D:3      | Noticed a kobold brigand
  2164 | D:4      | Reached XP level 5. HP: 28/37 MP: 9/9
  2333 | D:4      | Found a glowing golden altar of the Shining One.
  2543 | D:4      | Splashed by a jelly's acid

Illustrated notes

Levels and vault maps discovered:
D:1:      amcnicky_arrival_gap_in_the_tavern_cellar, layout_rooms,
          shapermc_ecumenical_altar_flowoftime, serial_shops,
          nicolae_shop_trees, shop, shop, hex_medium
D:2:      layout_loops_ring, serial_aquarium, aquarium_bridge_long_separate
          [aquarium_subvault_bridge, aquarium_subvault_bridge,
          aquarium_subvault_wall, aquarium_subvault_wall,
          aquarium_subvault_bridge, aquarium_subvault_wall],
          aquarium_window_corridor_1, aquarium_window_corner,
          aquarium_window_fake, aquarium_window_2, aquarium_view_2d,
          minmay_misc_feat_nine_boxes, amcnicky_mini_pool_small
D:3:      layout_loops_ring, gammafunk_ghost_nasty_kobolds
D:4:      layout_rooms, lemuel_round_altar, minmay_temple_entry_wispy,
          ebering_ghost_gozag, minmay_misc_feat_columns, grunt_decor_arrowhead,
          uniq_ijyb

Skill      XL: |  1  2  3  4  5 |
---------------+----------------+-----
Invocations    | 1 |  1.9
Fighting       | 1 |  1.6
Short Blades   | 1 |  1.6
Long Blades    | 1 |  1.6
Axes           | 1 |  1.6
Maces & Flails | 1 |  1.6
Polearms       | 1 |  1.6
Staves         | 1 |  1.6
Slings         | 1 |  1.6
Bows           | 1 |  1.6
Crossbows      | 1 |  1.6
Throwing       | 1 |  1.6
Armour         | 1 |  1.6
Stealth        | 1 |  1.6
Shields        | 1 |  1.6
Unarmed Combat | 1 |  1.6
Spellcasting   | 3 |  3.2
Hexes          | 1 |  1.3
Summonings     | 1 |  1.3
Necromancy     | 1 |  1.3
Translocations | 1 |  1.3
Transmutations | 1 |  1.3
Fire Magic     | 1 |  1.3
Ice Magic      | 1 |  1.3
Air Magic      | 1 |  1.3
Poison Magic   | 1 |  1.3
Dodging        | 3 |  3.1
Conjurations   | 4 |  4.0
Earth Magic    | |  7.2
Evocations     | |  4.8

Action                   |  1- 3 |  4- 6 || total
-------------------------+-------+-------++-------
Melee: Dagger            |   104 |       ||   104
       Bite              |     8 |     9 ||    17
       Short sword       |    19 |    80 ||    99
       Punch             |     1 |       ||     1
Throw: Stone             |    38 |       ||    38
 Cast: Sandblast         |    16 |     2 ||    18
 Stab: Sleeping          |     1 |     1 ||     2
       Distracted        |       |     1 ||     1
Armor: Robe              |    18 |    15 ||    33
Dodge: Dodged            |    69 |    36 ||   105
